 Dungeon Crawl Stone Soup version 0.30-a0-726-gd89dcf765f (webtiles) character file.

Game seed: 8749091662788629049

231 Crownlay the Digger (level 6, -5/36 HPs)
             Began as an Octopode Earth Elementalist on Jan 28, 2023.
             Slain by a centaur (6 damage)
             ... on level 5 of the Dungeon on Jan 29, 2023.
             The game lasted 00:08:58 (3975 turns).

Crownlay the Digger (Octopode Earth Elementalist)   Turns: 3975, Time: 00:08:59

Health: -5/36      AC:  1    Str:  8    XL:     6   Next: 3%
Magic:  5/9        EV: 13    Int: 19    God:
Gold:   51         SH:  0    Dex: 19    Spells: 5/9 levels left

rFire   . . .      SeeInvis .    f - +2 scimitar "Beetle's Funeral" {distort, Dex+7}
rCold   . . .      Faith    .    (no shield)
rNeg    . . .      Spirit   .    r - +0 hat
rPois   .          Reflect  .    (no amulet)
rElec   .          Harm     .    k - ring of willpower
rCorr   .          Rampage  .    (no ring)
Will    +....                    (no ring)
Stlth   ++++                     (no ring)
HPRegen 0.26/turn                (no ring)
MPRegen 0.11/turn                (no ring)
                                 (no ring)
                                 (no ring)

@: no status effects
A: almost no armour, amphibious, 8 rings, camouflage 1, gelatinous body 1,
(nimble swimmer 1), tentacles
a: no special abilities


You were on level 5 of the Dungeon.
You visited 1 branch of the dungeon, and saw 5 of its levels.

You collected 188 gold pieces.
You spent 137 gold pieces at shops.

Inventory:

Hand Weapons
 f - the +2 scimitar "Beetle's Funeral" (weapon) {distort, Dex+7}
   (You found it on level 2 of the Dungeon)

   Dex:       It affects your dexterity (+7).
Armour
 r - a +0 hat (worn)
Jewellery
 k - a ring of willpower (left tentacle)
Wands
 g - a wand of digging (5)
Scrolls
 c - 4 scrolls of identify
 e - 2 scrolls of enchant weapon
 j - 2 scrolls of fog
 l - 2 scrolls of enchant armour
 n - a scroll of noise {unknown}
 o - 3 scrolls of teleportation
 p - a scroll of immolation {unknown}
 s - a scroll of blinking {unknown}
Potions
 a - a potion of magic
 b - a potion of flight {unknown}
 d - a potion of heal wounds
 h - 2 potions of berserk rage {unknown}
 i - 2 potions of degeneration
 m - 2 potions of curing {unknown}
 q - a potion of brilliance {unknown}


   Skills:
 - Level 2.0 Dodging
 + Level 4.1 Stealth
 - Level 2.1 Spellcasting
 - Level 0.4 Conjurations
 - Level 2.1 Transmutations
 * Level 2.6 Ice Magic
 + Level 4.7 Earth Magic


You had 5 spell levels left.
You knew the following spells:

 Your Spells              Type           Power      Damage    Failure   Level
a - Sandblast             Erth           40%        2d10      2%          1
b - Stone Arrow           Conj/Erth      22%        3d8       17%         3

Your spell library contained the following spells:

 Spells                   Type           Power      Damage    Failure   Level
 Passwall                 Tmut/Erth      12%        N/A       6%          2
 Magic Dart               Conj           12%        1d3       14%         1
 Kiss of Death            Conj/Necr      8%         2d6       16%         1
 Shock                    Conj/Air       8%         1d3       16%         1
 Frozen Ramparts          Ice            24%        1d4       17%         3
 Call Imp                 Summ           1%         N/A       26%         2
 Petrify                  Tmut/Erth      15%        N/A       38%         4
 Mephitic Cloud           Conj/Pois/Air  2%         N/A       43%         3
 Confusing Touch          Hex            1%         N/A       45%         3
 Swiftness                Air            1%         N/A       45%         3
 Vhi's Electric Charge    Tloc/Air       2%         N/A       45%         3
 Ice Form                 Ice/Tmut       11%        N/A       54%         4
 Summon Ice Beast         Ice/Summ       7%         N/A       67%         4
 Airstrike                Air            0%         2d(1-17)  86%         4
 Dispel Undead            Necr           1%         3d6       86%         4
 Arcjolt                  Conj/Air       1%         1d11      99%         5
 Maxwell's Capacitive Co  Air            0%         ∞         100%        8


Dungeon Overview and Level Annotations

Branches:
Dungeon (5/15)
 Temple: D:4-7

Altars:
Nemelex Xobeh

Shops:
D:2 *?!?   D:5 (

Annotations:
D:4 Edmund


Innate Abilities, Weirdness & Mutations

You cannot wear most types of armour.
You are amphibious.
You can wear up to eight rings at the same time.
Your skin changes colour to match your surroundings (Stealth+).
Your rubbery body absorbs attacks. (AC +1, EV +1)
((You are camouflaged when in or above water. (Stealth+)))
You have tentacles for arms and can constrict up to eight enemies at once.


Message History

You have reached level 6!
There is an open door here.
You start resting.
HP restored.
You start resting.
Magic restored.
There is an open door here.
A centaur comes into view.
There is an entrance to Sasujoukk's Weapon Shoppe here.
The blast of sand hits the centaur but does no damage.
The centaur shouts!
The centaur hits you. The centaur kicks you.
The blast of sand hits the centaur but does no damage.
The centaur hits you. The centaur closely misses you. The centaur hits you.
The centaur kicks you.
You are too injured to fight recklessly!
You are too injured to fight recklessly!
You are too injured to fight recklessly!
Casting: Sandblast (safe; 2% risk of failure)
Confirm with . or Enter, or press ? or * to list all spells.
Aiming: Sandblast (safe; 2% risk of failure)
Press: ? - help, Shift-Dir - straight line, f/p - centaur
Aim: a centaur (90% to hit)
The blast of sand hits the centaur.
The centaur is moderately wounded.
The centaur barely misses you. The centaur kicks you. The centaur hits you.
The centaur kicks you but does no damage.
Casting: Sandblast (safe; 2% risk of failure)
Confirm with . or Enter, or press ? or * to list all spells.
Aiming: Sandblast (safe; 2% risk of failure)
Press: ? - help, Shift-Dir - straight line, f/p - centaur
Aim: a centaur (moderately wounded, 90% to hit)
The blast of sand misses the centaur.
The centaur hits you!
* * * LOW HITPOINT WARNING * * *
The centaur closely misses you. The centaur hits you.
* * * LOW HITPOINT WARNING * * *
The centaur kicks you.
* * * LOW HITPOINT WARNING * * *
The centaur hits you.
You die...

#.#..# ##'##
####.####
##...##
#.......#
##....†##
##.###.##
##.......##
#...##.#
#.....##..#
##.###.#
+.##..##.>+
#.# #.#
#.##......#
#.###.#
#...∩....##
#.....#
#...@##.##
#####.#
###.c####
#.# ###..+##
#.# #####.
#.# #
#.######
#.##...#
#.##.###
#.##.#######


You could see a centaur.

Vanquished Creatures
  A jelly (D:4)
  A hound (D:5)
  2 iguanas
  2 adders (D:3)
  A white imp (D:3)
  2 worms (D:2)
  3 dart slugs
  2 orcs (D:3)
  7 endoplasms
  5 giant cockroaches
  5 goblins
  7 hobgoblins
  7 jackals
  5 quokkas
  11 ball pythons
  7 bats
  A frilled lizard (D:3)
  10 kobolds
  2 rats (D:2)
81 creatures vanquished.

Notes
Turn   | Place    | Note
-------+----------+-------------------------------------------
     0 | D:1      | Crownlay the Octopode Earth Elementalist began the quest
                  | for the Orb.
     0 | D:1      | Reached XP level 1. HP: 11/11 MP: 3/3
   258 | D:1      | Reached XP level 2. HP: 17/17 MP: 3/5
   313 | D:1      | Found a faded altar of an unknown god.
   971 | D:2      | Found Qesomal's Magic Scroll Shoppe.
   975 | D:2      | Bought a scroll of identify for 24 gold pieces
  1034 | D:2      | Identified the +2 scimitar "Beetle's Funeral" {distort,
                  | Dex+7}
  1080 | D:2      | Reached XP level 3. HP: 20/21 MP: 6/6
  1084 | D:2      | Learned a level 3 spell: Stone Arrow
  1156 | D:2      | Found Konor's Distillery.
  1208 | D:2      | Bought a potion of degeneration for 14 gold pieces
  1208 | D:2      | Found Ineri's Magic Scroll Boutique.
  1260 | D:2      | Upgraded the game from 0.30-a0-723-gc1506a1cf0 to
                  | 0.30-a0-726-gd89dcf765f
  1347 | D:2      | Found Vachut Dikhlu's Assorted Antiques.
  1361 | D:2      | Bought a fuming emerald potion for 27 gold pieces
  1886 | D:3      | Reached XP level 4. HP: 27/27 MP: 4/7
  2187 | D:3      | Reached skill level 1 in Ice Magic
  2808 | D:2      | Bought 2 scrolls of teleportation for 72 gold pieces
  3031 | D:4      | Found a sparkling altar of Nemelex Xobeh.
  3101 | D:4      | Reached XP level 5. HP: 31/31 MP: 6/8
  3190 | D:4      | Noticed Edmund
  3775 | D:5      | Entered Level 5 of the Dungeon
  3925 | D:5      | Found Sasujoukk's Weapon Shoppe.
  3930 | D:5      | Reached XP level 6. HP: 28/36 MP: 5/9
  3975 | D:5      | HP: 1/36 [centaur (2)]
  3975 | D:5      | Slain by a centaur

Illustrated notes

Levels and vault maps discovered:
D:1:      dpeg_arrival_chambers_temple_mockup, layout_basic,
          basic_ecumenical_altar
D:2:      layout_loops_ring, serial_shops, nicolae_shop_statue_plus,
          nicolae_shop_hallway_stairs, shop, nicolae_shop_behind_doors
D:3:      layout_basic, chequers_serial_rivers_micro_b, minmay_vboxes
D:4:      layout_loops_cross, nemelex_spade_bored_becter, dk_noncrumbling_2,
          ebering_dispersal_statue_hall, uniq_edmund
D:5:      layout_loops_corners, temple_doors_e, serial_shops,
          nicolae_take_the_stairs, shop, nicolae_square_shop, shop,
          nicolae_diamond_shop, wad_floor_pattern_2, grunt_decor_fettered,
          uniq_duvessa

Skill      XL: |  1  2  3  4  5 |
---------------+----------------+-----
Earth Magic    | 4 |  4.7
Transmutations | 2 |  2.1
Stealth        | 3 4 |  4.1
Ice Magic      | 1 2 |  2.6
Dodging        | |  2.0
Spellcasting   | |  2.1
Conjurations   | |  0.4

Action                     |  1- 3 |  4- 6 || total
---------------------------+-------+-------++-------
  Melee: Scimitar          |    34 |     9 ||    43
         Constrict         |     9 |     4 ||    13
         Tentacles         |     1 |     2 ||     3
   Cast: Sandblast         |    28 |    56 ||    84
    Use: Scroll            |     3 |       ||     3
         Potion            |       |     1 ||     1
   Stab: Sleeping          |     9 |     1 ||    10
 Armour: Skin              |     6 |     1 ||     7
  Dodge: Dodged            |    22 |    21 ||    43

Table legend: (Time is in decaauts)
 A = Elapsed time spent in this place.
 B = Non-inter-level travel time spent in this place.
 C = Inter-level travel time spent in this place.
 D = Time resting spent in this place.
 E = Time spent auto-exploring this place.
 F = Levels seen in this place.
 G = Mean time per level.
                   A        B        C        D        E       F      G
               +--------+--------+--------+--------+--------+-----+--------+
         Total |   4032 |   3718 |    314 |     29 |   3119 |   5 |  806.4 |
       Dungeon |   4032 |   3718 |    314 |     29 |   3119 |   5 |  806.4 |
               +--------+--------+--------+--------+--------+-----+--------+

Top non-repeatable levels by time:
     D:3: 1004 daAuts
     D:1: 979 daAuts
     D:2: 938 daAuts
     D:4: 905 daAuts
     D:5: 204 daAuts
